HSSL
MASCONOMET HS CHIEFTANS @ TEMISKAMING DISTRICT SECONDARY SCHOOL SAINTS
04/03/2024
 
TOP OF THE 1ST
Masconomet HS Chieftans batting - Pitching for Temiskaming District Secondary School Saints : RHP Bartolo Delvalle
Pitching: RHP Bartolo Delvalle
Batting: RHB Tyler Robinson 0-0: Ball
1-0: Swinging Strike
1-1: Called Strike
1-2: Foul Ball, location: 2F
1-2: Strikes out looking
Batting: LHB Trent Andrews 0-0: Called Strike
0-1: Called Strike
0-2: Foul Ball, location: 2F
0-2: Strikes out swinging
Batting: RHB Clancy Castro 0-0: Ball
1-0: Ball
2-0: Ball
3-0: Called Strike
3-1: Foul Ball, location: 2F
3-2: Foul Ball, location: 2F
3-2: Foul Ball, location: 2F
3-2: SOLO HOME RUN (Line Drive, 78XD), Distance : 425 ft
Batting: RHB Carlos Huerta 0-0: Ball
1-0: DOUBLE (Flyball, 7LM)
Batting: LHB Aaron Atkins 0-0: Foul Ball, location: 2F
0-1: Foul Ball, location: 2F
0-2: Ground out 4-3 (Groundball, 13)
Top of the 1st over - 1 run(s), 2 hit(s), 0 error(s), 1 left on base; Masconomet HS 1 - Temiskaming District Secondary School 0
BOTTOM OF THE 1ST
Temiskaming District Secondary School Saints batting - Pitching for Masconomet HS Chieftans : LHP Clarence Gill
Pitching: LHP Clarence Gill
Batting: RHB George Gardner 0-0: Ball
1-0: Foul Ball, location: 2F
1-1: Called Strike
1-2: Strikes out swinging
Batting: RHB Bob Ferguson 0-0: Ball
1-0: Called Strike
1-1: Called Strike
1-2: Ground out 3-1 (Groundball, 34S)
Batting: RHB Fred Moulds 0-0: Called Strike
0-1: Foul Ball, location: 2F
0-2: Ball
1-2: Ball
2-2: Foul Ball, location: 2F
2-2: Ground out 5-3 (Groundball, 5)
Bottom of the 1st over - 0 run(s), 0 hit(s), 0 error(s), 0 left on base; Masconomet HS 1 - Temiskaming District Secondary School 0
TOP OF THE 2ND
Masconomet HS Chieftans batting - Pitching for Temiskaming District Secondary School Saints : RHP Bartolo Delvalle
Batting: LHB Carlos Lacarra 0-0: Ball
1-0: Ball
2-0: Swinging Strike
2-1: Ball
3-1: Base on Balls
Batting: RHB Ryan Beck 0-0: Foul Ball, location: 2F
0-1: Ball
1-1: SINGLE (Line Drive, 89M)
Carlos Lacarra to second
Batting: RHB António Rojas 0-0: Ground out U3 (Groundball, 3S)
Carlos Lacarra to third
Ryan Beck to second
Batting: RHB Brian Jackson 0-0: Ball
1-0: SINGLE (Line Drive, 8LS)
Carlos Lacarra scores
Ryan Beck to third
Batting: RHB Tyler Robinson 0-0: Foul Ball, location: 2F
0-1: Called Strike
0-2: Fly out, F8 (Flyball, 78S)
Batting: LHB Trent Andrews 0-0: 3-RUN HOME RUN (Flyball, 89XD), Distance : 434 ft
Batting: RHB Clancy Castro 0-0: Ball
1-0: Fly out, F9 (Flyball, 9LSF)
Top of the 2nd over - 4 run(s), 3 hit(s), 0 error(s), 0 left on base; Masconomet HS 5 - Temiskaming District Secondary School 0
BOTTOM OF THE 2ND
Temiskaming District Secondary School Saints batting - Pitching for Masconomet HS Chieftans : LHP Clarence Gill
Batting: RHB Orlando González 0-0: Foul Ball, location: 2F
0-1: Ball
1-1: Called Strike
1-2: Foul Ball, location: 2F
1-2: Ball
2-2: Ground out 1-3 (Groundball, 13S)
Batting: RHB Juan Encarnación 0-0: Called Strike
0-1: Ball
1-1: Ball
2-1: Ball
3-1: Ground out 5-3 (Groundball, 56)
Batting: RHB Víctor Pérez 0-0: Ball
1-0: Called Strike
1-1: Ground out 6-3 (Groundball, 6)
Bottom of the 2nd over - 0 run(s), 0 hit(s), 0 error(s), 0 left on base; Masconomet HS 5 - Temiskaming District Secondary School 0
TOP OF THE 3RD
Masconomet HS Chieftans batting - Pitching for Temiskaming District Secondary School Saints : RHP Bartolo Delvalle
Batting: RHB Carlos Huerta 0-0: Ball
1-0: Ball
2-0: SINGLE (Line Drive, 4D)
Batting: LHB Aaron Atkins 0-0: Called Strike
0-1: Ball
1-1: Swinging Strike
1-2: Foul Ball, location: 2F
1-2: Foul Ball, location: 2F
1-2: Ball
2-2: Strikes out swinging
Batting: LHB Carlos Lacarra 0-0: Swinging Strike
0-1: Ball
1-1: Ball
2-1: Called Strike
2-2: Strikes out swinging
Carlos Huerta steals 2nd base
Batter strikes out.
Batting: RHB Ryan Beck 0-0: Ball
1-0: Reached on error, E6 (Groundball, 6M)
Carlos Huerta scores
Batting: RHB António Rojas 0-0: Ball
1-0: 2-RUN HOME RUN (Flyball, 89XD), Distance : 433 ft
Batting: RHB Brian Jackson 0-0: Foul Ball, location: 2F
0-1: Swinging Strike
0-2: DOUBLE (Line Drive, 78M)
Batting: RHB Tyler Robinson 0-0: Foul Ball, location: 2F
0-1: TRIPLE (Flyball, 9LM)
Brian Jackson scores
Pitching: RHP Steve Harris
Batting: LHB Trent Andrews 0-0: Ball
1-0: Ball
2-0: SINGLE (Line Drive, 6M)
Tyler Robinson scores
Batting: RHB Clancy Castro 0-0: Fielders Choice at 2nd, U6 (Groundball, 6M)
Top of the 3rd over - 5 run(s), 5 hit(s), 1 error(s), 1 left on base; Masconomet HS 10 - Temiskaming District Secondary School 0
BOTTOM OF THE 3RD
Temiskaming District Secondary School Saints batting - Pitching for Masconomet HS Chieftans : LHP Clarence Gill
Batting: RHB Glen French 0-0: Ball
1-0: Ball
2-0: Foul Ball, location: 2F
2-1: SINGLE (Line Drive, 4D)
Batting: LHB Mike O'Bryan 0-0: Called Strike
0-1: Swinging Strike
0-2: Strikes out swinging
Batting: SHB Stanley Ryan 0-0: Ball
1-0: Swinging Strike
1-1: Swinging Strike
1-2: Foul Ball, location: 2F
1-2: Foul Ball, location: 2F
1-2: Foul Ball, location: 2F
1-2: Strikes out swinging
Batting: RHB George Gardner 0-0: Ball
1-0: Ball
2-0: Fly out, F7 (Flyball, 78M)
Bottom of the 3rd over - 0 run(s), 1 hit(s), 0 error(s), 1 left on base; Masconomet HS 10 - Temiskaming District Secondary School 0
TOP OF THE 4TH
Masconomet HS Chieftans batting - Pitching for Temiskaming District Secondary School Saints : RHP Steve Harris
Batting: RHB Carlos Huerta 0-0: Ground out 6-3 (Groundball, 6M)
Batting: LHB Aaron Atkins 0-0: Ground out 5-3 (Groundball, 56)
Batting: LHB Carlos Lacarra 0-0: Swinging Strike
0-1: Foul Ball, location: 2F
0-2: Ball
1-2: Ball
2-2: Foul Ball, location: 2F
2-2: Ball
3-2: Base on Balls
Batting: RHB Ryan Beck 0-0: Fielders Choice at 2nd, 5-4 (Groundball, 5)
Top of the 4th over - 0 run(s), 0 hit(s), 0 error(s), 0 left on base; Masconomet HS 10 - Temiskaming District Secondary School 0
BOTTOM OF THE 4TH
Temiskaming District Secondary School Saints batting - Pitching for Masconomet HS Chieftans : LHP Clarence Gill
Batting: RHB Bob Ferguson 0-0: Fly out, F7 (Flyball, 7M)
Batting: RHB Fred Moulds 0-0: Ball
1-0: Ball
2-0: Called Strike
2-1: SOLO HOME RUN (Flyball, 7D), Distance : 387 ft
Batting: RHB Orlando González 0-0: SINGLE (Line Drive, 4D)
Batting: RHB Juan Encarnación 0-0: Swinging Strike
0-1: Ball
1-1: Foul Ball, location: 2F
1-2: Fly out, F9 (Flyball, 9LM)
Batting: RHB Víctor Pérez 0-0: Fly out, F6 (Line Drive, 6)
Bottom of the 4th over - 1 run(s), 2 hit(s), 0 error(s), 1 left on base; Masconomet HS 10 - Temiskaming District Secondary School 1
TOP OF THE 5TH
Masconomet HS Chieftans batting - Pitching for Temiskaming District Secondary School Saints : RHP Steve Harris
Batting: RHB António Rojas 0-0: Called Strike
0-1: Ball
1-1: Ball
2-1: Foul Ball, location: 2F
2-2: Foul Ball, location: 2F
2-2: Strikes out swinging
Batting: RHB Brian Jackson 0-0: Ball
1-0: Reached on error, E5 (Groundball, 56)
Batting: RHB Tyler Robinson 0-0: Ball
1-0: Foul Ball, location: 2F
1-1: Ball
2-1: Foul Ball, location: 2F
2-2: Ball
3-2: Base on Balls
Brian Jackson to second
Batting: LHB Trent Andrews 0-0: Ball
1-0: Fly out, F7 (Popup, 56D)
Batting: RHB Clancy Castro 0-0: Foul Ball, location: 2F
0-1: Ground out 1-3 (Groundball, 15)
Top of the 5th over - 0 run(s), 0 hit(s), 1 error(s), 2 left on base; Masconomet HS 10 - Temiskaming District Secondary School 1
BOTTOM OF THE 5TH
Temiskaming District Secondary School Saints batting - Pitching for Masconomet HS Chieftans : LHP Clarence Gill
Batting: RHB Glen French 0-0: Ball
1-0: Ball
2-0: Ball
3-0: Base on Balls
Batting: LHB Mike O'Bryan 0-0: Called Strike
0-1: Swinging Strike
0-2: Ball
1-2: Strikes out swinging
Batting: SHB Stanley Ryan 0-0: SINGLE (Groundball, 5)
Glen French to second
Batting: RHB George Gardner 0-0: Called Strike
Glen French steals 3rd base
Stanley Ryan to second
0-1: Ball
1-1: Swinging Strike
1-2: Strikes out swinging
Batting: RHB Bob Ferguson 0-0: Ball
1-0: Swinging Strike
1-1: Ball
2-1: Called Strike
2-2: Foul Ball, location: 2F
2-2: Foul Ball, location: 2F
2-2: Fly out, F4 (Popup, 34)
Bottom of the 5th over - 0 run(s), 1 hit(s), 0 error(s), 2 left on base; Masconomet HS 10 - Temiskaming District Secondary School 1
TOP OF THE 6TH
Masconomet HS Chieftans batting - Pitching for Temiskaming District Secondary School Saints : RHP Steve Harris
Batting: RHB Carlos Huerta 0-0: Reached on error, E5 (Groundball, 5S)
Batting: LHB Aaron Atkins 0-0: Ball
1-0: Foul Ball, location: 2F
1-1: Ball
2-1: Ball
3-1: Base on Balls
Carlos Huerta to second
Batting: LHB Carlos Lacarra 0-0: Called Strike
0-1: Ball
1-1: Ball
2-1: Grounds into double play, 3-6-3 (Groundball, 3)
Carlos Huerta to third
Batting: RHB Ryan Beck 0-0: Foul Ball, location: 2F
0-1: Swinging Strike
0-2: Ground out 1-3 (Groundball, 13)
Top of the 6th over - 0 run(s), 0 hit(s), 1 error(s), 1 left on base; Masconomet HS 10 - Temiskaming District Secondary School 1
BOTTOM OF THE 6TH
Temiskaming District Secondary School Saints batting - Pitching for Masconomet HS Chieftans : LHP Clarence Gill
Batting: RHB Fred Moulds 0-0: Called Strike
0-1: Ball
1-1: Ball
2-1: Ball
3-1: Swinging Strike
3-2: Foul Ball, location: 2F
3-2: Strikes out swinging
Pitching: LHP Rubén De La Garza
Batting: RHB Orlando González 0-0: Foul Ball, location: 2F
0-1: Ball
1-1: Called Strike
1-2: Ground out 4-3 (Groundball, 4M)
Batting: RHB Juan Encarnación 0-0: Ball
1-0: Called Strike
1-1: Fly out, F9 (Flyball, 89M)
Bottom of the 6th over - 0 run(s), 0 hit(s), 0 error(s), 0 left on base; Masconomet HS 10 - Temiskaming District Secondary School 1
TOP OF THE 7TH
Masconomet HS Chieftans batting - Pitching for Temiskaming District Secondary School Saints : RHP Steve Harris
Pitching: RHP Pedro Gallegos
Batting: RHB António Rojas 0-0: Foul Ball, location: 2F
0-1: Swinging Strike
0-2: Ball
1-2: SOLO HOME RUN (Flyball, 7LD), Distance : 338 ft
Batting: RHB Brian Jackson 0-0: Ball
1-0: Ball
2-0: Fly out, F9 (Flyball, 89M)
Batting: RHB Tyler Robinson 0-0: Ball
1-0: DOUBLE (Line Drive, 78M)
Batting: LHB Trent Andrews 0-0: Called Strike
0-1: Foul Ball, location: 2F
0-2: Fly out, F8 (Flyball, 8LM)
Batting: RHB Clancy Castro 0-0: Called Strike
0-1: Fly out, F9 (Flyball, 9M)
Top of the 7th over - 1 run(s), 2 hit(s), 0 error(s), 1 left on base; Masconomet HS 11 - Temiskaming District Secondary School 1
BOTTOM OF THE 7TH
Temiskaming District Secondary School Saints batting - Pitching for Masconomet HS Chieftans : LHP Rubén De La Garza
Batting: RHB Víctor Pérez 0-0: DOUBLE (Line Drive, 78M)
Batting: RHB Glen French 0-0: Ball
1-0: Ball
2-0: Ball
3-0: Base on Balls
Batting: LHB Mike O'Bryan 0-0: Grounds into double play, 5-4-3 (Groundball, 56)
Víctor Pérez to third
Batting: SHB Stanley Ryan 0-0: Foul Ball, location: 2F
0-1: Ball
1-1: Fly out, F7 (Flyball, 78M)
Bottom of the 7th over - 0 run(s), 1 hit(s), 0 error(s), 1 left on base; Masconomet HS 11 - Temiskaming District Secondary School 1
TOP OF THE 8TH
Masconomet HS Chieftans batting - Pitching for Temiskaming District Secondary School Saints : RHP Pedro Gallegos
Batting: RHB Carlos Huerta 0-0: Ball
1-0: Ball
2-0: Ball
3-0: Called Strike
3-1: Foul Ball, location: 2F
3-2: Base on Balls
Batting: LHB Aaron Atkins 0-0: Ball
1-0: Foul Ball, location: 2F
1-1: Ball
2-1: Foul Ball, location: 2F
2-2: SINGLE (Line Drive, 4M)
Carlos Huerta to second
Batting: LHB Carlos Lacarra 0-0: Ball
Carlos Huerta is caught stealing 3rd base
Aaron Atkins to second
1-0: Called Strike
1-1: Ball
2-1: Foul Ball, location: 2F
2-2: Ball
3-2: SINGLE (Flyball, 8LS)
Aaron Atkins to third
Batting: RHB Ryan Beck 0-0: Ball
1-0: Swinging Strike
1-1: Ball
2-1: 3-RUN HOME RUN (Flyball, 89XD), Distance : 428 ft
Batting: RHB António Rojas 0-0: Called Strike
0-1: Ball
1-1: Ball
2-1: Called Strike
2-2: Foul Ball, location: 2F
2-2: Ball
3-2: Foul Ball, location: 2F
3-2: Base on Balls
Batting: RHB Brian Jackson 0-0: Ball
1-0: Ball
2-0: Foul Ball, location: 2F
2-1: Ground out 4-3 (Groundball, 4M)
António Rojas to second
Batting: RHB Tyler Robinson 0-0: Ball
1-0: SINGLE (Flyball, 89M)
António Rojas to third
Runner from 3rd tries for Home, SAFE, no throw or cutoff
Pitching: LHP David Rodríguez
Pinch Hitting: RHB Jorge Molina 0-0: Called Strike
0-1: Ball
1-1: Fielders Choice at 2nd, 5-4 (Groundball, 5)
Top of the 8th over - 4 run(s), 4 hit(s), 0 error(s), 0 left on base; Masconomet HS 15 - Temiskaming District Secondary School 1
BOTTOM OF THE 8TH
Temiskaming District Secondary School Saints batting - Pitching for Masconomet HS Chieftans : LHP Rubén De La Garza
Now at 1B: Jorge Molina
Batting: RHB George Gardner 0-0: Ball
1-0: Called Strike
1-1: Ball
2-1: Foul Ball, location: 2F
2-2: Strikes out swinging
Pitching: LHP Christian Rousseau
Batting: RHB Bob Ferguson 0-0: Called Strike
0-1: Ball
1-1: Ball
2-1: Swinging Strike
2-2: Foul Ball, location: 2F
2-2: Ground out 6-3 (Groundball, 6)
Batting: RHB Fred Moulds 0-0: Ball
1-0: Swinging Strike
1-1: Ball
2-1: Ground out 5-3 (Groundball, 5L)
Bottom of the 8th over - 0 run(s), 0 hit(s), 0 error(s), 0 left on base; Masconomet HS 15 - Temiskaming District Secondary School 1
TOP OF THE 9TH
Masconomet HS Chieftans batting - Pitching for Temiskaming District Secondary School Saints : LHP David Rodríguez
Batting: RHB Clancy Castro 0-0: Ball
1-0: Ball
2-0: Called Strike
2-1: SINGLE (Groundball, 4MD)
Batting: RHB Carlos Huerta 0-0: Fly out, F8 (Popup, 4MD)
Batting: LHB Aaron Atkins 0-0: Ball
1-0: Called Strike
1-1: Ball
2-1: Ball
3-1: Foul Ball, location: 2F
3-2: Foul Ball, location: 2F
3-2: Base on Balls
Clancy Castro to second
Batting: LHB Carlos Lacarra 0-0: Ball
1-0: Ball
2-0: Ball
3-0: Swinging Strike
3-1: SINGLE (Groundball, 34D) (infield hit)
Clancy Castro to third
Aaron Atkins to second
Batting: RHB Ryan Beck 0-0: Swinging Strike
0-1: Ball
1-1: Grounds into double play, 5-4-3 (Groundball, 5)
Top of the 9th over - 0 run(s), 2 hit(s), 0 error(s), 2 left on base; Masconomet HS 15 - Temiskaming District Secondary School 1
BOTTOM OF THE 9TH
Temiskaming District Secondary School Saints batting - Pitching for Masconomet HS Chieftans : LHP Christian Rousseau
Batting: RHB Orlando González 0-0: Ball
1-0: Ground out 5-3 (Groundball, 6)
Batting: RHB Juan Encarnación 0-0: Ball
1-0: SINGLE (Groundball, 34D)
Batting: RHB Víctor Pérez 0-0: Foul Ball, location: 2F
0-1: Ground out 5-3 (Groundball, 5S)
Juan Encarnación to second
Batting: RHB Glen French 0-0: Called Strike
0-1: Ball
1-1: Foul Ball, location: 2F
1-2: Foul Ball, location: 2F
1-2: Fly out, F5 (Line Drive, 56)
Bottom of the 9th over - 0 run(s), 1 hit(s), 0 error(s), 1 left on base; Masconomet HS 15 - Temiskaming District Secondary School 1
This league is powered by Out of the Park Baseball, the baseball management simulation game for PC, Mac and Linux
Saturday, April 9th, 2016 - OOTP Baseball 16.8 Build 38